 Dungeon Crawl Stone Soup version 0.29-a0-330-g52719c12eb (webtiles) character file.

Game seed: 15891125834953013490

52 kae the Firebug (level 3, -2/22 HPs)
             Began as an Octopode Fire Elementalist on Apr 18, 2022.
             Slain by a hobgoblin (4 damage)
             ... led by Robin
             ... on level 2 of the Dungeon.
             The game lasted 00:00:56 (1751 turns).

kae the Firebug (Octopode Fire Elementalist)        Turns: 1751, Time: 00:00:56

Health: -2/22      AC:  1    Str:  7    XL:     3   Next: 85%
Magic:  5/6        EV: 11    Int: 19    God:
Gold:   73         SH:  7    Dex: 12    Spells: 5/6 levels left

rFire   . . .      SeeInvis .   (no weapon)
rCold   . . .      Faith    .   b - +0 kite shield
rNeg    . . .      Spirit   .   (helmet restricted)
rPois   .          Reflect  .   (no amulet)
rElec   .          Harm     .   (no ring)
rCorr   .          Rampage  .   (no ring)
Will    .....                   (no ring)
Stlth   +++.......              (no ring)
HPRegen 0.00/turn               (no ring)
MPRegen 0.10/turn               (no ring)
                                (no ring)
                                (no ring)

@: inhibited regen
A: almost no armour, amphibious, 8 rings, camouflage 1, gelatinous body 1,
(nimble swimmer 1), tentacles, inhibited regeneration
a: no special abilities


You were on level 2 of the Dungeon.
You visited 1 branch of the dungeon, and saw 2 of its levels.

You collected 73 gold pieces.

Inventory:

Armour
 b - a +0 kite shield (worn)
Scrolls
 e - 2 scrolls of enchant armour {unknown}
 f - a scroll of fog {unknown}
Potions
 a - a potion of magic


   Skills:
 + Level 0.6 Fighting
 + Level 2.3 Dodging
 + Level 3.2 Stealth
 + Level 0.9 Shields
 + Level 2.2 Spellcasting
 + Level 1.5 Conjurations
 * Level 3.5 Fire Magic


You had 5 spell levels left.
You knew the following spells:

 Your Spells              Type           Power      Damage    Failure   Level
a - Foxfire               Conj/Fire      44%        2x1d6     21%         1

Your spell library contained the following spells:

 Spells                   Type           Power      Damage    Failure   Level
 Scorch                   Fire           30%        2d7       21%         2
 Conjure Flame            Conj/Fire      11%        6-21      52%         3
 Inner Flame              Hex/Fire       8%         N/A       63%         3
 Flame Wave               Conj/Fire      11%        2d5       90%         4


Dungeon Overview and Level Annotations

Branches:
Dungeon (2/15)

Altars:

Annotations:
D:1 2 transporters
D:2 Robin


Innate Abilities, Weirdness & Mutations

You cannot wear most types of armour.
You are amphibious.
You can wear up to eight rings at the same time.
Your skin changes colour to match your surroundings (Stealth+).
Your rubbery body absorbs attacks. (AC +1, EV +1)
((You are camouflaged when in or above water. (Stealth+)))
You have tentacles for arms and can constrict up to eight enemies at once.
You do not regenerate when monsters are visible.


Message History

You hit the goblin.
The goblin is heavily wounded.
The goblin hits you but does no damage. You block the goblin's attack.
You hit the goblin.
You kill the goblin!
Your transformation is almost over.
You block the goblin's attack.
You cannot move.
You smack the goblin!
You kill the goblin!
You hit the hobgoblin.
The hobgoblin is moderately wounded.
The hobgoblin hits you.
* * * LOW HITPOINT WARNING * * *
You hit the hobgoblin.
The hobgoblin is severely wounded.
The hobgoblin hits you but does no damage. x2
You barely miss the hobgoblin.
The hobgoblin is severely wounded.
The hobgoblin hits you but does no damage.
Okay, then.
You hit the hobgoblin but do no damage.
The hobgoblin is severely wounded.
You block the hobgoblin's attack.
Casting: Foxfire (safe; 21% risk of failure)
Confirm with . or Enter, or press ? or * to list all spells.
You don't know that spell.
Casting: Foxfire (safe; 21% risk of failure)
Confirm with . or Enter, or press ? or * to list all spells.
You don't know that spell.
Casting: Foxfire (safe; 21% risk of failure)
Confirm with . or Enter, or press ? or * to list all spells.
You conjure some foxfire!
The hobgoblin hits you but does no damage.
You block the hobgoblin's attack.
You hit the hobgoblin but do no damage.
The hobgoblin is severely wounded.
You feel less wooden. The hobgoblin hits you.
You die...

##...# #....#+####
#.........####
#............#
#.........##.# . .#
## #.........##.#
.#....# ##
#.<.......##.#
...#..##..
#####.....##v#
#..#...... #.....##@#
#.........
########g###....g....
#..g..#.......g#
#...........)#
#..........#.#
###..........#
####.###.#.# #.# .# #
#.. .


You could see Robin and a hobgoblin (strong, ally target).

Vanquished Creatures
  An adder (D:2)
  4 bats
  3 endoplasms
  15 goblins
  3 hobgoblins (D:1)
  9 ball pythons (D:1)
  A kobold (D:1)
  3 rats (D:1)
39 creatures vanquished.

Vanquished Creatures (collateral kills)
  A foxfire (D:1)
1 creature vanquished.

Vanquished Creatures (others)
  51 foxfires
  3 plants (D:1)
54 creatures vanquished.

Grand Total: 94 creatures vanquished

Notes
Turn   | Place    | Note
-------+----------+-------------------------------------------
     0 | D:1      | kae the Octopode Fire Elementalist began the quest for the
                  | Orb.
     0 | D:1      | Reached XP level 1. HP: 11/11 MP: 3/3
   223 | D:1      | Found a faded altar of an unknown god.
   558 | D:1      | Reached XP level 2. HP: 17/17 MP: 1/5
  1373 | D:1      | Reached XP level 3. HP: 22/22 MP: 0/6
  1709 | D:2      | Noticed Robin
  1717 | D:2      | Gained mutation: You do not regenerate when monsters are
                  | visible. [potion of mutation]
  1751 | D:2      | Slain by a hobgoblin

Illustrated notes

Levels and vault maps discovered:
D:1:      spicycebolla_arrival_teleporter_tutorial, layout_loops_ring,
          chequers_ecumenical_altar_island, minmay_shallow_snake_nest
D:2:      layout_basic, uniq_terence, uniq_robin

Skill      XL: |  1  2 |
---------------+-------+-----
Stealth        | 3 |  3.2
Fighting       | |  0.6
Dodging        | |  2.3
Shields        | |  0.9
Spellcasting   | |  2.2
Conjurations   | |  1.5
Fire Magic     | |  3.5

Action                   || total
-------------------------++-------
Melee: Unarmed           ||    54
       Constrict         ||     8
       Tentacles         ||     4
       Punch             ||     2
 Cast: Foxfire           ||    36
  Use: Potion            ||     2
 Stab: Sleeping          ||     2
Armor: Skin              ||    21
Dodge: Dodged            ||    13
Block: Kite shield       ||    23

Table legend: (Time is in decaauts)
 A = Elapsed time spent in this place.
 B = Non-inter-level travel time spent in this place.
 C = Inter-level travel time spent in this place.
 D = Time resting spent in this place.
 E = Time spent auto-exploring this place.
 F = Levels seen in this place.
 G = Mean time per level.
                   A        B        C        D        E       F      G
               +--------+--------+--------+--------+--------+-----+--------+
         Total |   1762 |   1749 |     13 |    171 |   1322 |   2 |  881.0 |
       Dungeon |   1762 |   1749 |     13 |    171 |   1322 |   2 |  881.0 |
               +--------+--------+--------+--------+--------+-----+--------+

Top non-repeatable levels by time:
     D:1: 1638 daAuts
     D:2: 124 daAuts
